 Dungeon Crawl Stone Soup version 0.21.1-1-g345015f (webtiles) character file.

75 Wendigo the Poker (level 4, -2/33 HPs)
             Began as a Merfolk Skald on July 5, 2018.
             Killed from afar by Natasha (8 damage)
             ... with a magic dart
             ... on level 2 of the Dungeon.
             The game lasted 00:03:40 (1277 turns).

Wendigo the Poker (Merfolk Skald)                   Turns: 1277, Time: 00:03:41

Health: -2/33      AC:  3    Str: 11    XL:     4   Next: 31%
Magic:  7/7        EV: 12    Int: 13    God:
Gold:   76         SH:  0    Dex: 13    Spells: 3/7 levels left

rFire    . . .     SeeInvis .   a - +1 spear
rCold    . . .     Gourm    .   (no shield)
rNeg     . . .     Faith    .   b - +0 leather armour
rPois    .         Spirit   .   (no helmet)
rElec    .         Reflect  .   (no cloak)
rCorr    .         Harm     .   (no gloves)
MR       .....                  (no boots)
Stlth    +.........             (no amulet)
HPRegen  0.11/turn              (no ring)
MPRegen  0.10/turn              (no ring)

@: no status effects
A: change form in water, swift swim, stealthy swim
a: no special abilities


You were on level 2 of the Dungeon.
You were not hungry.

You visited 1 branch of the dungeon, and saw 2 of its levels.

You collected 76 gold pieces.

Inventory:

Hand Weapons
 a - a +1 spear (weapon)
Missiles
 j - 4 javelins (quivered)
Armour
 b - a +0 leather armour (worn)
Scrolls
 e - a scroll of teleportation {unknown}
 f - a scroll of amnesia
 i - a scroll of remove curse {unknown}
 l - a scroll of enchant armour {unknown}
Potions
 g - a potion of might {unknown}
 h - a potion of haste {unknown}
 k - 2 potions of curing {unknown}
 m - a potion of ambrosia {unknown}
Books
 c - a book of Battle

   Spells                             Type                      Level
   a - Infusion                       Charms                       1
   b - Shroud of Golubria             Charms/Translocation         2
   c - Song of Slaying                Charms                       2
   d - Spectral Weapon                Hexes/Charms                 3
   e - Regeneration                   Charms/Necromancy            3
Comestibles
 d - 5 rations
 n - 3 chunks of flesh


   Skills:
 - Level 2.1 Fighting
 + Level 4.7 Polearms
 - Level 0.6 Armour
 - Level 2.6 Dodging
 - Level 2.0 Spellcasting
 + Level 1.3 Hexes
 + Level 4.3 Charms


You had 3 spell levels left.
You knew the following spells:

 Your Spells              Type           Power        Failure   Level  Hunger
a - Infusion              Chrm           ##..         5%          1    ##.....
b - Spectral Weapon       Hex/Chrm       #.......     30%         3    ####...


Dungeon Overview and Level Annotations

Branches:
Dungeon (2/15)

Altars:
Dithmenos

Annotations:
D:2 Natasha, Robin


Message History

You see here 2 stones.
A goblin comes into view.
The goblin shouts!
Natasha, Servant of Life and Death comes into view.
Natasha hisses angrily.
Natasha moves out of view.
The goblin no longer looks unusually strong.
Natasha casts a spell at you. The magic dart hits you!
* * * LOW HITPOINT WARNING * * *
Natasha closely misses you.
Sorry, you're not good enough to have a special ability.
As you read the scroll labeled CIKHAE PURERUL, it crumbles to dust.
It is a scroll of amnesia.
Okay, then.
The goblin hits you.
* * * LOW HITPOINT WARNING * * *
Natasha stares at you and mumbles some strange words.
The magic dart hits you!
You die...

....
######.....#....
... #.....#....
#.#######.....+...#
#.............#.#.#
#.............# #..
#.........#+### ##.
#.........# ##
#.........# #
#h@.......# #
#.######g#########
## #..........g.#
#. #..######.##g#
.#. #.......#.# ...
#.###.#.#.# ...
#...#g# ... #
#.###.##### ...
#.#.........# ##


You could see Natasha and a goblin.

Vanquished Creatures
  Natasha (D:2)
  2 oozes
  A worm (D:2)
  A leopard gecko (D:1)
  6 goblins
  6 hobgoblins
  4 jackals (D:2)
  5 kobolds
  A ball python (D:1)
  3 bats
  7 rats
37 creatures vanquished.

Notes
Turn   | Place    | Note
-------+----------+-------------------------------------------
     0 | D:1      | Wendigo the Merfolk Skald began the quest for the Orb.
     0 | D:1      | Reached XP level 1. HP: 16/16 MP: 3/3
   132 | D:1      | Reached XP level 2. HP: 11/22 MP: 5/5
   493 | D:1      | Reached XP level 3. HP: 26/27 MP: 6/6
   498 | D:1      | Learned a level 3 spell: Spectral Weapon
   847 | D:2      | Noticed Natasha
   862 | D:2      | Killed Natasha
  1143 | D:2      | Found a shadowy altar of Dithmenos.
  1150 | D:2      | Reached skill level 1 in Hexes
  1170 | D:2      | Reached XP level 4. HP: 33/33 MP: 7/7
  1244 | D:2      | Noticed Robin
  1274 | D:2      | Noticed Natasha
  1277 | D:2      | Killed from afar by Natasha

Skill      XL: |  1  2  3 |
---------------+----------+-----
Polearms       | 4 |  4.7
Charms         | 4 |  4.3
Hexes          | 1 |  1.3
Fighting       | |  2.1
Armour         | |  0.6
Dodging        | |  2.6
Spellcasting   | |  2.0

Action                   |  1- 3 |  4- 6 || total
-------------------------+-------+-------++-------
Melee: Spear             |    80 |    47 ||   127
 Cast: Infusion          |     1 |       ||     1
  Use: Scroll            |     1 |     1 ||     2
  Eat: Chunk             |     1 |       ||     1
Armor: Leather armour    |     9 |     7 ||    16
Dodge: Dodged            |    19 |    24 ||    43
